 Seeded DCSS version 0.30.0-19-g36f170ea60 (webtiles) character file.

Game seed: 5 (custom seed)

6987 Kazon the Slicer (level 11, -4/72 HPs)
             Began as an Octopode Monk on May 26, 2023.
             Was a High Priest of Okawaru.
             Killed by vampiric draining
             ... invoked by a vampire
              (12 damage)
             ... on level 9 of the Dungeon.
             The game lasted 00:41:43 (6717 turns).

Kazon the Slicer (Octopode Monk)                    Turns: 6717, Time: 00:41:44

Health: -4/72      AC:  5    Str: 11    XL:     11   Next: 8%
Magic:  0/25       EV: 23    Int: 12    God:    Okawaru [*****.]
Gold:   328        SH:  0    Dex: 25    Spells: 10/10 levels left

rFire   . . .        e - +3 dagger (vamp)
rCold   . . .        h - orb {light}
rNeg    . . .        (helmet restricted)
rPois   .            C - amulet of guardian spirit
rElec   .            s - ring of magical power
rCorr   .            x - +6 ring of dexterity
SInv    .            f - +4 ring of protection
Will    .....        (no ring)
Stlth   +++          (no ring)
HPRegen 0.32/turn    (no ring)
MPRegen 0.19/turn    (no ring)
                     (no ring)

%: guardian spirit
@: heroic, glowing, studying Short Blades
A: almost no armour, amphibious, 8 rings, camouflage 1, gelatinous body 1,
(nimble swimmer 1), tentacles
a: Renounce Religion, Heroism, Finesse, Duel


You were on level 9 of the Dungeon.
You worshipped Okawaru.
Okawaru was extremely pleased with you.
You visited 2 branches of the dungeon, and saw 10 of its levels.
You also visited: Ossuary.

You collected 528 gold pieces.
You spent 200 gold pieces at shops.

Inventory:

Hand Weapons
 a - a +4 short sword
 e - a +3 vampiric dagger (weapon)
Missiles
 i - 16 boomerangs
 q - 11 poisoned darts
 F - 2 stones (quivered)
 J - 2 throwing nets
Armour
 c - a +0 tower shield
 h - an orb of light (worn)
Jewellery
 f - a +4 ring of protection (on tentacle)
 s - a ring of magical power (left tentacle)
 x - a +6 ring of dexterity (right tentacle)
 C - an amulet of guardian spirit (around mantle)
Wands
 A - a wand of paralysis (7)
 K - a wand of light (7)
 M - a wand of digging (7)
Scrolls
 d - a scroll of poison {unknown}
 k - 3 scrolls of vulnerability {unknown}
 l - 3 scrolls of teleportation {unknown}
 n - 2 scrolls of magic mapping {unknown}
 o - 2 scrolls of summoning {unknown}
 p - a scroll of blinking {unknown}
 r - a scroll of fog {unknown}
 w - a scroll of torment {unknown}
 y - a scroll of amnesia {unknown}
 E - a scroll of enchant armour {unknown}
 G - a scroll of fear
Potions
 b - a potion of ambrosia
 g - a potion of resistance
 j - 4 potions of curing
 m - a potion of cancellation {unknown}
 t - 5 potions of flight
 u - 2 potions of berserk rage {unknown}
 v - 2 potions of invisibility {unknown}
 z - 4 potions of heal wounds
 B - a potion of lignification {unknown}
 D - 4 potions of attraction {unknown}
 H - a potion of haste {unknown}
 I - 3 potions of brilliance {unknown}
 L - a potion of degeneration {unknown}


   Skills:
 + Level 6.1(11.1) Fighting
 + Level 10.7(15.7) Short Blades
 + Level 7.3(12.3) Throwing
 + Level 6.0(11.0) Dodging
 + Level 7.1(12.1) Stealth
 * Level 2.7(7.7) Shields
 * Level 7.0 Invocations
 * Level 6.5 Evocations


You had 10 spell levels left.
You didn't know any spells.
Your spell library contained the following spells:

 Spells                   Type           Power      Damage    Failure   Level
 Frozen Ramparts          Ice            0%         1d1       69%         3
 Ignite Poison            Fire/Tmut/Pois 0%         N/A       69%         3
 Ice Form                 Ice/Tmut       0%         N/A       97%         4
 Sticky Flame             Conj/Fire      0%         2d3       97%         4
 Eringya's Noxious Bog    Tmut/Pois      0%         N/A       100%        6
 Ignition                 Fire           0%         3d3       100%        8
 Summon Ice Beast         Ice/Summ       Unusable   N/A       N/A         4
 Summon Forest            Summ/Tloc      Unusable   N/A       N/A         5
 Summon Hydra             Summ           Unusable   N/A       N/A         7

Dungeon Overview and Level Annotations

Branches:
Dungeon (9/15)             Temple (1/1) D:4            Lair (0/5) D:8
Ossuary (visited)
    Orc: D:9-12

Altars:
Dithmenos
Fedhas
Hepliaklqana
Okawaru
Qazlal
Trog
Uskayaw
Wu Jian
Xom
The Shining One

Shops:
D:8 *


Innate Abilities, Weirdness & Mutations

You cannot wear most types of armour.
You are amphibious.
You can wear up to eight rings at the same time.
Your skin changes colour to match your surroundings (Stealth+).
Your rubbery body absorbs attacks. (AC +1, EV +1)
((You are camouflaged when in or above water. (Stealth+)))
You have tentacles for arms and can constrict up to eight enemies at once.


Message History

You bump into the rock wall.
You constrict the vampire.
The vampire gestures at you while chanting.
You are more confused.
You bump into the rock wall.
You constrict the vampire. The vampire draws life force from you!
The vampire is healed by the life force!
You release your grip on the vampire.
You hit the vampire but do no damage.
The vampire is heavily damaged.
You hit the vampire but do no damage.
The vampire is heavily damaged.
The vampire misses you. The vampire barely misses you.
You hit the vampire. You squeeze the vampire!
The vampire is almost destroyed.
You bump into the rock wall.
The vampire completely misses you. The vampire barely misses you.
You bump into the rock wall.
The vampire hits you but does no damage.
The vampire bites you!
* * * LOW HITPOINT WARNING * * *
The vampire draws strength from your injuries!
You're too confused to move!
The vampire draws life force from you!
* * * LOW HITPOINT WARNING * * *
The vampire is healed by the life force!
You feel better. The vampire misses you. The vampire bites you!
* * * LOW HITPOINT WARNING * * *
The vampire draws strength from your injuries!
You gain the combat prowess of a mighty hero.
The vampire completely misses you. The vampire barely misses you.
You barely miss the vampire. You grab the vampire.
The vampire is moderately damaged.
You constrict the vampire. The vampire completely misses you. x2
You hit the vampire but do no damage. You squeeze the vampire.
The vampire is heavily damaged.
You constrict the vampire. You puncture the vampire! You squeeze the vampire.
The vampire is severely damaged.
You constrict the vampire, but do no damage.
The vampire draws life force from you!
You die...

.########
#############
.......<#
#...@V.......
#######.#
#.######.....
#.###.# ...
#.....# .
#######


You could see a vampire (invisible).

Vanquished Creatures
  A two-headed ogre (D:7)
  2 polar bears (D:8)
  A shadow (D:9)
  Sigmund (D:4)
  A wyvern (D:8)
  A yak (D:7)
  3 basilisks (D:8)
  A steam dragon (D:8)
  Duvessa (D:6)
  6 water moccasins
  An ice beast (D:8)
  5 black bears
  A sky beast (D:7)
  3 wolves (D:8)
  2 centaurs
  2 ogres
  An elf zombie (Ossuary)
  A kobold brigand (D:7)
  A bullfrog (D:8)
  A gnoll sergeant (D:8)
  3 scorpions
  15 wights
  4 killer bees (D:7)
  Dowan (D:6)
  A howler monkey (D:6)
  A vampire bat (D:7)
  An electric eel (D:8)
  6 hounds
  A wyvern simulacrum (D:8)
  A centaur zombie (Ossuary)
  3 human zombies (Ossuary)
  A jelly (D:5)
  3 orc priests (D:6)
  6 iguanas
  8 orc wizards
  4 ogre zombies (Ossuary)
  A centaur simulacrum (D:8)
  7 mummies (Ossuary)
  11 gnolls
  9 adders
  A shadow imp (D:8)
  A white imp (D:7)
  2 ufetubi
  A worm zombie (D:7)
  2 adder zombies (Ossuary)
  3 worms
  19 orcs
  12 bats
  9 endoplasms
  A giant cockroach (D:1)
  12 goblins
  7 hobgoblins
  11 jackals
  10 kobolds
  3 quokkas (D:4)
  6 ball pythons
  3 frilled lizards
  4 goblin zombies (Ossuary)
  6 hobgoblin zombies
  3 kobold zombies
  4 quokka zombies (Ossuary)
  4 rats
  4 rat zombies (Ossuary)
251 creatures vanquished.

Notes
Turn   | Place    | Note
-------+----------+-------------------------------------------
     0 | D:1      | Kazon the Octopode Monk began the quest for the Orb.
     0 | D:1      | Reached XP level 1. HP: 16/16 MP: 1/1
    34 | D:1      | Identified a scroll of acquirement
    34 | D:1      | Acquired a manual of Short Blades
    49 | D:1      | Reached XP level 2. HP: 16/21 MP: 2/2
   321 | D:1      | Reached XP level 3. HP: 26/26 MP: 3/3
   806 | D:2      | Reached skill level 4 in Short Blades
   887 | D:2      | Reached XP level 4. HP: 21/31 MP: 4/4
  1086 | D:2      | Reached skill level 1 in Stealth
  1613 | D:3      | Reached skill level 5 in Short Blades
  1616 | D:3      | Found a blossoming altar of Fedhas.
  1626 | D:3      | Reached XP level 5. HP: 35/37 MP: 5/5
  1758 | D:3      | Found a stormy altar of Qazlal.
  1939 | D:3      | Identified the +2 sling "Qeuhanocyt" {speed, rElec Str-3
                  | Dex+2}
  1956 | D:3      | Found a faded altar of an unknown god.
  2027 | D:4      | Found a staircase to the Ecumenical Temple.
  2035 | Temple   | Entered the Ecumenical Temple
  2047 | Temple   | Became a worshipper of Warmaster Okawaru
  2047 | Temple   | Reached * piety under Okawaru
  2047 | Temple   | Reached ** piety under Okawaru
  2316 | D:4      | Reached skill level 1 in Throwing
  2434 | D:4      | Reached skill level 1 in Invocations
  2434 | D:4      | Reached XP level 6. HP: 43/43 MP: 6/6
  2509 | D:4      | Noticed a black bear
  2520 | D:4      | Killed a black bear
  2581 | D:4      | Noticed a black bear
  2594 | D:4      | Killed a black bear
  2595 | D:4      | Reached skill level 6 in Short Blades
  2612 | D:4      | Found a hazy altar of Hepliaklqana.
  2616 | D:4      | Found a shadowy altar of Dithmenos.
  2616 | D:4      | Noticed a shadow
  2637 | D:4      | Noticed Sigmund
  2646 | D:4      | Killed Sigmund
  2646 | D:4      | Reached *** piety under Okawaru
  2647 | D:4      | Reached XP level 7. HP: 48/48 MP: 8/8
  2798 | D:5      | Entered Level 5 of the Dungeon
  2813 | D:5      | Reached skill level 1 in Evocations
  2841 | D:5      | Reached skill level 1 in Shields
  2986 | D:5      | Reached skill level 7 in Short Blades
  2986 | D:5      | Reached XP level 8. HP: 48/54 MP: 10/10
  3389 | D:6      | Reached skill level 5 in Stealth
  3400 | D:6      | Found a shimmering altar of Xom.
  3487 | D:6      | Reached **** piety under Okawaru
  3512 | D:6      | Noticed Duvessa
  3512 | D:6      | Noticed Dowan
  3529 | D:6      | Killed Duvessa
  3538 | D:6      | Killed Dowan
  3840 | D:7      | Reached skill level 8 in Short Blades
  3840 | D:7      | Reached XP level 9. HP: 51/59 MP: 12/12
  4122 | D:7      | Reached skill level 5 in Dodging
  4128 | D:7      | Reached skill level 5 in Fighting
  4152 | D:7      | Reached skill level 5 in Throwing
  4265 | D:7      | Found a sand-covered staircase.
  4281 | Ossuary  | Entered an ossuary
  4313 | Ossuary  | Reached skill level 5 in Invocations
  4507 | Ossuary  | Reached ***** piety under Okawaru
  4508 | Ossuary  | Reached skill level 9 in Short Blades
  5129 | D:7      | Noticed a two-headed ogre
  5132 | D:7      | Killed a two-headed ogre
  5133 | D:7      | Reached skill level 5 in Evocations
  5133 | D:7      | Reached XP level 10. HP: 67/67 MP: 14/14
  5706 | D:8      | Reached skill level 10 in Short Blades
  5756 | D:8      | Received a gift from Okawaru
  5757 | D:8      | Found a staircase to the Lair.
  6031 | D:8      | Reached XP level 11. HP: 65/70 MP: 16/16
  6430 | D:8      | Found Izo Qiri's Assorted Antiques.
  6438 | D:8      | Bought a scroll labelled WAUNLI UTHRAAG for 29 gold pieces
  6438 | D:8      | Bought a scroll labelled JIYFIZX FOFUA for 29 gold pieces
  6438 | D:8      | Bought a sedimented brown potion for 26 gold pieces
  6438 | D:8      | Bought a curved iron wand for 116 gold pieces
  6717 | D:9      | Killed from afar by a vampire

Illustrated notes

Levels and vault maps discovered:
D:1:      ebering_trefoil_3fold, layout_basic, st_stairs_14, serial_bayou_ford_a
D:2:      layout_basic, hangedman_decor_growths, minmay_close_crescents
D:3:      layout_rooms, mainiacjoe_overflow_concentric_impassable,
          mainiacjoe_overflow_paths, shapermc_ecumenical_altar_acropolis,
          chequers_serial_rivers_micro_b
D:4:      layout_basic, riverfiend_overflow_shadow_ancestor,
          minmay_temple_entry_glass, uniq_sigmund
D:5:      layout_gridville
D:6:      layout_basic, xom_teletrap_fun, uniq_duvessa
D:7:      layout_loops_ring, enter_ossuary_3, roderic_batcave
D:8:      layout_layer_cave, minmay_lair_entry_grove, serial_shops,
          nicolae_lakefront_shop, serial_ice, serial_ice_o, serial_ice_d,
          serial_ice_k, serial_ice_a
D:9:      layout_loops_ring, nicolae_wwwww, uniq_maurice
Temple:   nicolae_temple_elliptical

Skill      XL: |  1  2  3  4  5  6  7  8  9 10 11 |
---------------+----------------------------------+-----
Short Blades   | 4 5 6 7 8 9 10 | 10.7
Stealth        | 1 2 3 4 5 6 7 |  7.1
Throwing       | 1 2 4 5 7 |  7.3
Invocations    | 1 2 3 4 5 6 7 |  7.0
Fighting       | 4 5 6 |  6.1
Dodging        | 4 5 6 |  6.0
Evocations     | 1 3 5 6 |  6.5
Shields        | 1 2 |  2.7

Action                     |  1- 3 |  4- 6 |  7- 9 | 10-12 || total
---------------------------+-------+-------+-------+-------++-------
  Melee: Short sword       |    68 |    48 |   110 |    50 ||   276
         Constrict         |    21 |    32 |    80 |    32 ||   165
         Tentacles         |    20 |    37 |   109 |    74 ||   240
         Punch             |     1 |     3 |    13 |     7 ||    24
         Dagger            |       |    54 |   228 |   162 ||   444
  Throw: Stone             |       |     2 |    47 |    11 ||    60
         Dart              |       |     9 |     9 |     7 ||    25
         Boomerang         |       |       |    61 |    17 ||    78
 Invoke: Heroism           |       |       |     3 |     3 ||     6
         Finesse           |       |       |       |     1 ||     1
  Evoke: Wand              |       |       |     1 |       ||     1
    Use: Scroll            |     1 |       |     7 |       ||     8
         Potion            |       |       |       |     1 ||     1
   Stab: Sleeping          |       |     5 |    13 |     4 ||    22
         Distracted        |       |     1 |       |       ||     1
 Armour: Skin              |     4 |     4 |     9 |    33 ||    50
  Dodge: Dodged            |    29 |    41 |   141 |   106 ||   317
